 Dungeon Crawl Stone Soup version 0.29-a0-22-gbf593b16ee (webtiles) character file.

Game seed: 13346318553220035984

128 enile the Skirmisher (level 5, 0/53 (55) HPs)
             Began as an Ogre Fire Elementalist on Jan 30, 2022.
             Was a Follower of Ashenzari.
             Slain by Crazy Yiuf (15 damage)
             ... while paralysed by Crazy Yiuf
             ... on level 3 of the Dungeon.
             The game lasted 00:05:22 (3289 turns).

enile the Skirmisher (Ogre Fire Elementalist)       Turns: 3289, Time: 00:05:23

HP:   0/53 (55)     AC: 10    Str: 12    XL:     5   Next: 11%
MP:   1/9           EV:  1    Int: 18    God:    Ashenzari [*.....]
Gold: 115           SH:  0    Dex:  9    Spells: 7/10 levels left

rFire   . . .      SeeInvis .   c - +1 dagger of Apeoromancy {protect, Range, Cun} (curse)
rCold   . . .      Faith    .   j - orb of Ashenzari's Visionary {light, Range, Cun} (curse)
rNeg    . . .      Spirit   .   a - +0 robe
rPois   .          Reflect  .   (helmet restricted)
rElec   .          Harm     .   (no cloak)
rCorr   .          Rampage  .   (gloves unavailable)
Will    .....                   (boots unavailable)
Stlth   +.........              (no amulet)
HPRegen 0.17/turn               (no ring)
MPRegen 0.11/turn               (no ring)

@: paralysed, under a protective aura, glowing, lightly drained
A: large, unfitting armour, tough skin 1
a: Renounce Religion, Curse Item, Shatter the Chains


You were on level 3 of the Dungeon.
You worshipped Ashenzari.
Ashenzari was aware of your devotion.
You visited 1 branch of the dungeon, and saw 3 of its levels.

You collected 115 gold pieces.

Inventory:

Hand Weapons
 c - the cursed +1 dagger of Apeoromancy (weapon) {protect, Range, Cun}
   (You took it off a goblin on level 1 of the Dungeon)

   It grants its wielder temporary protection when it strikes (+7 to AC).
   It has a curse which improves the following skills: Ranged Combat: Slings,
   Bows, Crossbows and Throwing.
   Cunning:   Dodging and Stealth.
 e - a +3 dagger
Missiles
 n - 6 poisoned darts
Armour
 a - a +0 robe (worn)
 f - a +0 plate armour
 j - the cursed orb of Ashenzari's Visionary (worn) {light, Range, Cun}
   (You found it on level 2 of the Dungeon)

   It has a curse which improves the following skills: Ranged Combat: Slings,
   Bows, Crossbows and Throwing.
   Cunning:   Dodging and Stealth.
Jewellery
 m - an amulet of magic regeneration
Scrolls
 g - 2 scrolls of brand weapon
 i - 2 scrolls of identify
 k - 2 scrolls of summoning
 l - 3 scrolls of teleportation
 o - a scroll of immolation
Potions
 b - a potion of curing
 d - 3 potions of degeneration
 h - a potion of lignification
 p - a potion of haste


   Skills:
 + Level 4.6 Fighting
 - Level 1.7(2.7) Dodging
 - Level 1.4(2.3) Stealth
 - Level 3.0 Spellcasting
 - Level 2.0 Conjurations
 - Level 3.0 Fire Magic


You had 7 spell levels left.
You knew the following spells:

 Your Spells              Type           Power      Damage    Failure   Level
a - Foxfire               Conj/Fire      44%        2x1d6     6%          1
b - Scorch                Fire           26%        2d6       7%          2

Your spell library contained the following spells:

 Spells                   Type           Power      Damage    Failure   Level
 Conjure Flame            Conj/Fire      11%        6-21      17%         3
 Inner Flame              Hex/Fire       8%         N/A       26%         3
 Flame Wave               Conj/Fire      11%        2d5       50%         4


Dungeon Overview and Level Annotations

Branches:
Dungeon (3/15)

Altars:
Ashenzari
Wu Jian

Annotations:
D:3 Crazy Yiuf


Innate Abilities, Weirdness & Mutations

You are too large for most types of armour.
You have tough skin. (AC +1)


Message History

Confirm with . or Enter, or press ? or * to list all spells.
Flames lash Crazy Yiuf.
Crazy Yiuf is burned terribly!
Crazy Yiuf is heavily wounded.
Crazy Yiuf says, "Earwax sallow snockshim!"
Crazy Yiuf barely misses you.
Crazy Yiuf hits you with a +3 quarterstaff of chaos.
You feel drained.
Casting: Scorch (safe; 7% risk of failure)
Confirm with . or Enter, or press ? or * to list all spells.
Flames lash Crazy Yiuf.
Crazy Yiuf is heavily wounded.
Crazy Yiuf grits, "Mama!"
Crazy Yiuf hits you with a +3 quarterstaff of chaos!
Crazy Yiuf grits, "Goldfish poople song!"
Crazy Yiuf hits you with a +3 quarterstaff of chaos.
You feel your power leaking away.
Casting: Scorch (safe; 7% risk of failure)
Confirm with . or Enter, or press ? or * to list all spells.
You don't have enough magic to cast this spell.
Casting: Scorch (safe; 7% risk of failure)
Confirm with . or Enter, or press ? or * to list all spells.
You don't have enough magic to cast this spell.
You hit Crazy Yiuf.
Your weapon exudes an aura of protection.
Crazy Yiuf is almost dead.
Crazy Yiuf sings, "Trees, trees, trees, circus!"
Crazy Yiuf hits you but does no damage.
You hit Crazy Yiuf but do no damage.
Crazy Yiuf is almost dead.
Crazy Yiuf says, "Snurf!
Ten forty-two ragdoll."
Crazy Yiuf hits you with a +3 quarterstaff of chaos.
Crazy Yiuf freezes you.
You hit Crazy Yiuf but do no damage.
Crazy Yiuf is almost dead.
Crazy Yiuf hits you with a +3 quarterstaff of chaos.
You suddenly lose the ability to move!
Crazy Yiuf hits you with a +3 quarterstaff of chaos.
* * * LOW HITPOINT WARNING * * *
You are electrocuted!
You die...

#### #.<. #.#.
#########♣♣ ###
####.#. #.........♣♣
♣♣#..)# #....#.
#..##......♣♣♣♣@g...#
##.####.
##...#......♣..♣#...#
###..####.
###.##....♣.♣♣♣ ###
#......... #.####♣♣♣♣♣
###.#####. #.# #..# #.
#####.# ##.## #.
......#
#############..######.
...[..#
#.....................
......#
#...#########.#######.


You could see Crazy Yiuf (combustible).

Vanquished Creatures
  A hound (D:3)
  4 gnolls (D:2)
  A worm (D:2)
  A dart slug (D:3)
  4 ball pythons
  An endoplasm (D:2)
  3 giant cockroaches
  4 goblins
  3 hobgoblins
  6 jackals
  6 kobolds
  2 quokkas (D:2)
  5 bats
  10 frilled lizards (D:1)
  5 rats
  A spectral goblin (D:1)
57 creatures vanquished.

Vanquished Creatures (collateral kills)
  3 foxfires (D:1)
3 creatures vanquished.

Vanquished Creatures (others)
  109 foxfires
  7 plants (D:1)
116 creatures vanquished.

Grand Total: 176 creatures vanquished

Notes
Turn   | Place    | Note
-------+----------+-------------------------------------------
     0 | D:1      | enile the Ogre Fire Elementalist began the quest for the
                  | Orb.
     0 | D:1      | Reached XP level 1. HP: 16/16 MP: 3/3
    98 | D:1      | Reached skill level 1 in Fighting
   272 | D:1      | Reached skill level 2 in Fighting
   272 | D:1      | Reached XP level 2. HP: 28/28 MP: 1/5
   484 | D:1      | Reached skill level 3 in Fighting
   638 | D:1      | Found a faded altar of an unknown god.
   648 | D:1      | Prayed at the altar of an unknown god.
   648 | D:1      | Became a worshipper of Ashenzari the Shackled
  1356 | D:2      | Reached XP level 3. HP: 37/37 MP: 1/7
  1520 | D:2      | Found an ornate altar of the Wu Jian Council.
  1616 | D:2      | Reached skill level 1 in Conjurations
  1633 | D:2      | Learned a level 2 spell: Scorch
  2062 | D:2      | Reached * piety under Ashenzari
  2172 | D:2      | Reached XP level 4. HP: 36/45 MP: 1/8
  2742 | D:3      | Reached skill level 4 in Fighting
  2742 | D:3      | Reached XP level 5. HP: 44/55 MP: 6/9
  3067 | D:3      | Found a runed translucent door.
  3068 | D:3      | Noticed Crazy Yiuf
  3288 | D:3      | Paralysed by Crazy Yiuf for 6 turns
  3289 | D:3      | Slain by Crazy Yiuf

Illustrated notes

Levels and vault maps discovered:
D:1:      dpeg_arrival_circle_labyrinth_c, layout_basic,
          dreamdust_ecumenical_altar_drowned_temple, minmay_lizard_king
D:2:      layout_basic, basic_altar
D:3:      layout_rooms, uniq_crazy_yiuf_cottage

Skill      XL: |  1  2  3  4 |
---------------+-------------+-----
Fighting       | 2 3 4 |  4.6
Spellcasting   | 3 |  3.0
Conjurations   | 2 |  2.0
Fire Magic     | 3 |  3.0
Dodging        | |  1.7
Stealth        | |  1.4

Action                   |  1- 3 |  4- 6 || total
-------------------------+-------+-------++-------
Melee: Dagger            |    79 |    27 ||   106
 Cast: Foxfire           |    63 |    11 ||    74
       Scorch            |     6 |     7 ||    13
Invok: Curse Item        |     2 |       ||     2
Armor: Robe              |    33 |    14 ||    47
Dodge: Dodged            |    45 |    20 ||    65

Table legend: (Time is in decaauts)
 A = Elapsed time spent in this place.
 B = Non-inter-level travel time spent in this place.
 C = Inter-level travel time spent in this place.
 D = Time resting spent in this place.
 E = Time spent auto-exploring this place.
 F = Levels seen in this place.
 G = Mean time per level.
                   A        B        C        D        E       F      G
               +--------+--------+--------+--------+--------+-----+--------+
         Total |   3295 |   3236 |     59 |      0 |   2701 |   3 | 1098.3 |
       Dungeon |   3295 |   3236 |     59 |      0 |   2701 |   3 | 1098.3 |
               +--------+--------+--------+--------+--------+-----+--------+

Top non-repeatable levels by time:
     D:2: 1338 daAuts
     D:1: 1337 daAuts
     D:3: 618 daAuts
